 Dungeon Crawl Stone Soup version 0.18.1-5-g4a78601 (webtiles) character file.

78 Guinours the Skirmisher (level 4, -9/37 HPs)
             Began as a Demonspawn Abyssal Knight on May 13, 2016.
             Was a Believer of Lugonu.
             Mangled by an ogre
             ... wielding a +0 giant club
              (22 damage)
             ... on level 3 of the Dungeon.
             The game lasted 00:15:53 (2896 turns).

Guinours the Skirmisher (Demonspawn Abyssal Knight) Turns: 2896, Time: 00:15:54

Health: -9/37      AC:  8    Str: 13    XL:     4   Next: 15%
Magic:  5/5        EV:  4    Int: 14    God:    Lugonu [**....]
Gold:   90         SH:  0    Dex: 12    Spells: 0 memorised, 3 levels left

rFire  + . .     SeeInvis .       - Unarmed
rCold  x . .     Gourm    .     o - +2 scale mail
rNeg   . . .     Faith    .     (no shield)
rPois  .         Spirit   .     (helmet restricted)
rElec  .         Dismiss  .     (no cloak)
rCorr  .         Reflect  .     (no gloves)
SustAt .         Harm     .     (no boots)
MR     .....                    (no amulet)
Stlth  ..........               (no ring)
                                n - ring of fire

@: not resistant to hostile enchantments, extremely unstealthy
A: antennae 1, claws 1
a: Depart the Abyss, Bend Space, Renounce Religion


You were on level 3 of the Dungeon.
You worshipped Lugonu.
Lugonu was pleased with you.
You were not hungry.

You visited 1 branch of the dungeon, and saw 3 of its levels.
You visited the Abyss 1 time.

You collected 90 gold pieces.

Inventory:

Missiles
 c - 21 arrows
 g - 26 stones (quivered)
Armour
 e - a +2 leather armour of cold resistance
 o - a +2 scale mail (worn)
Jewellery
 n - a ring of fire (left claw)
Scrolls
 a - 3 scrolls of magic mapping
Potions
 i - 2 potions of curing {unknown}
 j - a potion of agility {unknown}
 l - a potion of degeneration
Comestibles
 b - 8 bread rations
 d - a royal jelly
 f - 2 meat rations
 h - 2 chunks of flesh


   Skills:
 + Level 3.7 Fighting
 + Level 2.1 Armour
 + Level 1.2 Dodging
 * Level 3.1 Unarmed Combat
 - Level 2.4 Invocations


You had 3 spell levels left.
You didn't know any spells.

Dungeon Overview and Level Annotations

Branches:
Dungeon (3/15)

Altars:
Elyvilon
Trog
Yredelemnul


Innate Abilities, Weirdness & Mutations

You have a pair of small antennae on your head.
You have sharp fingernails.


Message History

The ogre shouts!
The ogre is too close now for your liking.
As you read the scroll labeled MOTETZ LISERAZ, it crumbles to dust.
You feel blessed for a moment.
It was a scroll of remove curse.
Read which item? (? for menu, Esc to quit)
As you read the scroll labeled RETORE TIRHA, it crumbles to dust.
You hear a loud clanging noise!
It was a scroll of noise.
You scratch the ogre.
The ogre is moderately wounded.
The ogre hits you with a giant club!!
Ouch! That really hurt!
* * * LOW HITPOINT WARNING * * *
You scratch the ogre but do no damage.
The ogre is moderately wounded.
The ogre closely misses you.
There is a stone staircase leading up here.
The ogre hits you with a giant club!!
Ouch! That really hurt!
You die...

[....#.# #.#......#..#.#..#
..<..#.# #.#.#.#..#..#.#..#
.#...#.# ######.#.#.#..#..#.#..#
.....#.# #...##.#.#.#..####.#..#
.#.#.#.# #...##.#.#.#..#.......#
.#.#.#.# #...##.#.#.#..#.##.#.###
...#.#.# #...##........#....#....
#..#.#.###...####.###############
#.>#.#.......'..@O...............
##.#.#####...##......รท###########
##.#............................#
##.############.......#########.#
......# #.......# #.# ......#
#.......# #.#
......################# #.#
..............# #..
##.#..........# ###


You could see an ogre.

Vanquished Creatures
  2 worms
  A dart slug (D:2)
  4 giant geckos
  9 orcs (D:3)
  3 giant cockroaches (D:1)
  3 goblins
  8 hobgoblins
  A quokka (D:3)
  7 bats
  3 giant newts
  8 kobolds
  5 rats
  A plant (D:1)
55 creatures vanquished.

Notes
Turn   | Place    | Note
--------------------------------------------------------------
     0 | Abyss:1  | Guinours the Demonspawn Abyssal Knight began the quest for the Orb.
     0 | Abyss:1  | Reached XP level 1. HP: 18/18 MP: 2/2
    12 | D:1      | Escaped the Abyss
   420 | D:1      | Gained mutation: You have a pair of small antennae on your head. [demonic ancestry]
   420 | D:1      | Reached XP level 2. HP: 11/24 MP: 3/3
   856 | D:1      | Reached skill level 1 in Dodging
  1115 | D:2      | Found a basalt altar of Yredelemnul.
  1184 | D:2      | Reached ** piety under Lugonu
  1466 | D:2      | Gained mutation: You have sharp fingernails. [demonic ancestry]
  1466 | D:2      | Reached XP level 3. HP: 29/29 MP: 4/4
  1927 | D:2      | Found a white marble altar of Elyvilon.
  2447 | D:3      | Reached XP level 4. HP: 23/37 MP: 5/5
  2639 | D:3      | Found a bloodstained altar of Trog.
  2845 | D:3      | Noticed an ogre
  2896 | D:3      | Mangled by an ogre

Skill      XL: |  1  2  3 |
---------------+----------+-----
Unarmed Combat | 2 3 |  3.1
Dodging        | 1 |  1.2
Armour         | 2 |  2.1
Fighting       | |  3.7
Invocations    | |  2.4

Action                   |  1- 3 |  4- 6 || total
-------------------------+-------+-------++-------
Melee: Unarmed           |   297 |    21 ||   318
       Punch             |     1 |       ||     1
Invok: Bend Space        |     1 |       ||     1
  Use: Scroll            |     7 |     2 ||     9
  Eat: Chunk             |     5 |     2 ||     7
Armor: Leather armour    |    47 |       ||    47
       Ring mail         |    17 |       ||    17
       Scale mail        |     9 |    10 ||    19
Dodge: Dodged            |   146 |     5 ||   151
